 Dungeon Crawl Stone Soup version 0.29.1-15-g9cfb28693d (webtiles) character file.

Game seed: 12552669360208254488

33084 attackplan the Brawler (level 13, -8/180 HPs)
             Began as a Troll Gladiator on June 22, 2023.
             Mangled by an orc warlord
             ... wielding a +0 war axe
              (27 damage)
             ... on level 2 of the Orcish Mines.
             The game lasted 00:45:54 (13608 turns).

attackplan the Brawler (Troll Gladiator)           Turns: 13608, Time: 00:45:56

Health: -8/180     AC: 11    Str: 29    XL:     13   Next: 34%
Magic:  12/12      EV: 12    Int:  4    God:
Gold:   974        SH:  0    Dex: 11    Spells: 12/12 levels left

rFire   . . .      SeeInvis .     - Unarmed
rCold   . . .      Faith    .   (no shield)
rNeg    . . .      Spirit   .   S - +0 troll leather armour
rPois   +          Reflect  .   b - +0 hat
rElec   .          Harm     .   u - +0 cloak
rCorr   .          Rampage  .   (gloves unavailable)
Will    .....                   (boots unavailable)
Stlth   ..........              e - amulet of the acrobat
HPRegen 2.00/turn               A - +4 ring of protection
MPRegen 0.13/turn               k - ring of poison resistance

@: mighty, berserking, spiked, studying Shields, very quick
A: large, unfitting armour, claws 3, regeneration 1, shaggy fur 1, tough skin 1
a: no special abilities


You were on level 2 of the Orcish Mines.
You visited 3 branches of the dungeon, and saw 17 of its levels.
You also visited: Sewer, Ossuary, Bailey and Ice Cave.

You collected 1343 gold pieces.
You spent 369 gold pieces at shops.

Inventory:

Missiles
 c - 2 throwing nets
 d - 6 large rocks
 p - 49 poisoned darts
 Q - 71 stones
 V - 4 boomerangs (quivered)
Armour
 a - a +2 robe of resistance
 b - a +0 hat (worn)
 u - a +0 cloak (worn)
 K - a +1 kite shield of cold resistance
 S - a +0 troll leather armour (worn)
 X - the +2 robe of the Shrike {Regen+}
   (You found it in a bailey)

   Regen:     It increases your rate of health regeneration.
 Y - +0 steam dragon scales
Jewellery
 e - an amulet of the acrobat (around neck)
 j - a +6 ring of dexterity
 k - a ring of poison resistance (right claw)
 n - a ring of resist corrosion
 v - a ring of willpower
 w - a ring of protection from cold
 z - a ring of protection from cold
 A - a +4 ring of protection (left claw)
 B - a +4 ring of evasion
 T - a ring of fire
 U - an amulet of guardian spirit
Wands
 i - a wand of flame (39)
 C - a wand of polymorph (8)
 R - a wand of roots (21)
Scrolls
 f - 5 scrolls of immolation
 g - 3 scrolls of fear
 o - a scroll of acquirement
 q - a scroll of silence
 r - 4 scrolls of butterflies
 y - a scroll of enchant armour
 F - 2 scrolls of poison
 G - 8 scrolls of teleportation
 I - 3 scrolls of vulnerability
 J - 3 scrolls of enchant weapon
 M - 2 scrolls of blinking
 O - 5 scrolls of summoning
 W - a scroll of identify
 Z - a scroll of amnesia
Potions
 h - 7 potions of curing
 l - 8 potions of lignification
 m - 3 potions of mutation
 s - a potion of might
 t - 2 potions of cancellation
 x - a potion of attraction
 D - a potion of haste
 E - 3 potions of flight
 L - a potion of brilliance
 N - a potion of heal wounds
 P - 2 potions of ambrosia


   Skills:
 + Level 5.7 Fighting
 + Level 5.9 Throwing
 + Level 4.1 Armour
 + Level 8.9 Dodging
 + Level 18.0 Unarmed Combat


You had 12 spell levels left.
You didn't know any spells.
Your spell library contained the following spells:

 Spells                   Type           Power      Damage    Failure   Level
 Summon Small Mammal      Summ           0%         N/A       54%         1
 Sublimation of Blood     Necr           0%         N/A       67%         2
 Call Canine Familiar     Summ           0%         N/A       88%         3
 Confusing Touch          Hex            0%         N/A       88%         3
 Gell's Gravitas          Tloc           0%         N/A       88%         3
 Lesser Beckoning         Tloc           0%         N/A       88%         3
 Summon Guardian Golem    Hex/Summ       0%         N/A       88%         3
 Teleport Other           Tloc           0%         N/A       88%         3
 Petrify                  Tmut/Erth      0%         N/A       99%         4
 Irradiate                Conj/Tmut      0%         3d11      100%        5
 Yara's Violent Unravell  Hex/Tmut       0%         3d3       100%        5
 Enfeeble                 Hex            0%         N/A       100%        7


Dungeon Overview and Level Annotations

Branches:
Dungeon (14/15)            Temple (0/1) D:6            Lair (1/5) D:9
    Orc (2/2) D:10         Vaults (0/5) D:13          Sewer (visited)
Ossuary (visited)          Bailey (visited)           IceCv (visited)
    Elf: Orc:2

Altars:
Cheibriados
Elyvilon
Makhleb
Nemelex Xobeh
Uskayaw
Vehumet
Wu Jian
Xom
Yredelemnul
The Shining One

Shops:
D:7 !   D:12 *

Annotations:
D:7 2 transporters, Zeebu's ghost, novice MiFi


Innate Abilities, Weirdness & Mutations

You are too large for most types of armour.
You have claws for hands.
Your natural rate of healing is unusually fast.
You are covered in fur. (AC +1)
You have tough skin. (AC +1)


Message History

A red film seems to cover your vision as you go berserk!
You feel yourself moving faster!
You feel mighty!
The orc warrior shoots a bolt.
The bolt hits you but does no damage.
The orc warlord hits you with a +0 war axe!!
The hellwing hits you. x2
You are too injured to fight recklessly!
Unknown command.
You barely miss the orc warlord.
The orc warlord is heavily wounded.
The orc warrior shoots a bolt.
The bolt hits you!
* * * LOW HITPOINT WARNING * * *
You barely miss the orc warlord.
The orc warlord is heavily wounded.
The orc warlord closely misses you.
The hellwing hits you but does no damage. x2
You mangle the orc warlord!!
The orc warlord is severely wounded.
The orc warrior shoots a bolt.
The bolt hits you but does no damage.
You claw the orc warlord!
The orc warlord is almost dead.
You mangle the orc warlord!!
The orc warlord is almost dead.
The orc hits you from afar with a +0 trident!
* * * LOW HITPOINT WARNING * * *
The orc warlord barely misses you.
The red devil hits you from afar with a +0 trident!
* * * LOW HITPOINT WARNING * * *
Barbed spikes become lodged in your body.
The hellwing hits you but does no damage. x2
The orc warrior shoots a bolt.
The bolt hits you!
* * * LOW HITPOINT WARNING * * *
You completely miss the orc warlord. Your claw misses the orc warlord.
The orc warlord is almost dead.
You barely miss the orc warlord.
The orc warlord is almost dead.
The orc sorcerer hits you with a +0 dagger.
* * * LOW HITPOINT WARNING * * *
The orc closely misses you.
The orc warlord hits you with a +0 war axe!!
You die...

###....## ..
##.......## ...
##.........# ....
##....o.....###....
###.....#...........<
#.....<.##.........#
#........##.........#
........####...4....#
##......# #.)@[...##
#...^..# #..oo.....#
####.... ##o.4##.....
##... ...... .....
###........ ....
#......## .#..
#.....### #. ####.#


You could see an orc warlord, a hellwing (summoned), an orc sorcerer (strong), a
red devil (summoned), an orc warrior (strong) and an orc (strong).

Vanquished Creatures
  Josephine (D:10)
  2 boulder beetles (D:11)
  A catoblepas (D:11)
  A centaur warrior (D:11)
  6 two-headed ogres
  A bog body (IceCv)
  2 deep elf pyromancers
  An orc knight (D:10)
  Pikel (D:4)
  2 ugly things (D:12)
  A necromancer (IceCv)
  A cyclops (D:11)
  A manticore (D:11)
  Maurice (D:10)
  Joseph (D:7)
  2 cane toads (Lair:1)
  2 ice statues (IceCv)
  A gargoyle (D:10)
  A komodo dragon (Lair:1)
  6 ice devils
  2 anaconda simulacra (IceCv)
  An efreet (D:14)
  3 trolls
  A hornet (D:10)
  7 slime creatures
  A dream sheep (shapeshifter) (D:14)
  Sigmund (D:6)
  A vampire (D:6)
  4 shadows
  22 yaks
  5 wraiths
  3 dire elephant simulacra (IceCv)
  A wyvern (D:7)
  3 steam dragons
  2 vampire mosquitoes (D:7)
  A death yak simulacrum (IceCv)
  Edmund (D:4)
  3 hydra simulacra (IceCv)
  2 harpy simulacra (IceCv)
  2 acid dragons
  9 water moccasins
  4 ice beasts
  21 orc warriors
  3 black bears
  An ogre (D:5)
  7 centaurs
  4 kobold brigands
  2 gnoll sergeants
  4 necrophages
  2 wyvern zombies (Ossuary)
  2 cane toad simulacra (IceCv)
  6 bullfrogs
  2 water moccasin zombies (Ossuary)
  A scorpion (D:7)
  3 wights (D:7)
  6 killer bees (D:6)
  5 bullfrog zombies (Ossuary)
  A crimson imp (D:4)
  5 centaur zombies (Ossuary)
  3 jellies
  3 gnoll boudas
  6 orc priests
  5 hounds
  16 orc wizards
  Natasha (D:3)
  6 iguanas
  2 spriggan simulacra (IceCv)
  A polar bear simulacrum (IceCv)
  3 killer bee zombies (Ossuary)
  9 mummies (Ossuary)
  4 howler monkey zombies (Ossuary)
  26 gnolls
  7 adders
  2 river rats (D:6)
  A shadow imp (D:8)
  2 white imps (D:8)
  3 ufetubi
  A worm (D:3)
  A dart slug (D:2)
  71 orcs
  5 bats
  13 endoplasms
  11 giant cockroaches
  10 goblins
  6 hobgoblins
  8 jackals
  13 quokkas
  16 ball pythons
  9 frilled lizards
  23 kobolds
  8 rats
484 creatures vanquished.

Vanquished Creatures (others)
  2 orc wizards
  3 fungi (Lair:1)
  10 plants
  8 withered plants (Ossuary)
23 creatures vanquished.

Grand Total: 507 creatures vanquished

Notes
Turn   | Place    | Note
-------+----------+-------------------------------------------
     0 | D:1      | attackplan the Troll Gladiator began the quest for the Orb.
     0 | D:1      | Reached XP level 1. HP: 19/19 MP: 0/0
    83 | D:1      | Found a faded altar of an unknown god.
   103 | D:1      | Reached XP level 2. HP: 27/27 MP: 1/1
   746 | D:2      | Reached XP level 3. HP: 35/35 MP: 2/2
  1181 | D:2      | Reached XP level 4. HP: 41/42 MP: 3/3
  1721 | D:3      | Reached skill level 4 in Unarmed Combat
  2204 | D:3      | Noticed Natasha
  2207 | D:3      | Killed Natasha
  2377 | D:3      | Reached XP level 5. HP: 49/49 MP: 4/4
  2750 | D:4      | Noticed a lemure
  2750 | D:4      | Noticed a lemure
  2750 | D:4      | Noticed a lemure
  2750 | D:4      | Noticed Pikel
  2768 | D:4      | Noticed a lemure
  2789 | D:4      | Killed Pikel
  2790 | D:4      | Reached skill level 5 in Unarmed Combat
  2790 | D:4      | Reached XP level 6. HP: 45/59 MP: 5/5
  2790 | D:4      | Reached XP level 7. HP: 50/66 MP: 6/6
  2835 | D:4      | Found an ornate altar of the Wu Jian Council.
  3018 | D:4      | Noticed Edmund
  3037 | D:4      | Killed Edmund
  3038 | D:4      | Reached skill level 6 in Unarmed Combat
  3129 | D:4      | Found a burning altar of Makhleb.
  3129 | D:4      | Found a shimmering altar of Xom.
  3216 | D:5      | Entered Level 5 of the Dungeon
  3280 | D:5      | Found a sand-covered staircase.
  3285 | Ossuary  | Entered an ossuary
  3311 | Ossuary  | Reached XP level 8. HP: 74/74 MP: 7/7
  3398 | Ossuary  | Reached skill level 7 in Unarmed Combat
  3590 | Ossuary  | Reached skill level 5 in Dodging
  3595 | Ossuary  | Reached skill level 8 in Unarmed Combat
  3917 | D:5      | Reached XP level 9. HP: 81/81 MP: 8/8
  3933 | D:5      | Reached skill level 9 in Unarmed Combat
  4242 | D:5      | Found a glowing golden altar of the Shining One.
  4721 | D:6      | Noticed Sigmund
  4727 | D:6      | Killed Sigmund
  4728 | D:6      | Reached skill level 10 in Unarmed Combat
  4770 | D:6      | Found a glowing drain.
  4787 | Sewer    | Entered a sewer
  5005 | Sewer    | Reached skill level 5 in Throwing
  5214 | D:6      | Found a staircase to the Ecumenical Temple.
  5440 | D:6      | Found a basalt altar of Yredelemnul.
  5443 | D:6      | Found a snail-covered altar of Cheibriados.
  5487 | D:6      | Reached skill level 11 in Unarmed Combat
  5545 | D:6      | Found a radiant altar of Vehumet.
  5599 | D:6      | Found a hide-covered altar of Uskayaw.
  5602 | D:6      | Found a white marble altar of Elyvilon.
  5606 | D:6      | Found a sparkling altar of Nemelex Xobeh.
  6048 | D:7      | Noticed Joseph
  6059 | D:7      | Killed Joseph
  6060 | D:7      | Reached XP level 10. HP: 72/91 MP: 9/9
  6145 | D:7      | Found a transporter.
  6148 | D:7      | Noticed Zeebu's ghost (novice MiFi)
  6186 | D:7      | Reached skill level 12 in Unarmed Combat
  6400 | D:7      | Noticed a deep elf pyromancer
  6412 | D:7      | Killed a deep elf pyromancer
  6678 | D:7      | Reached skill level 1 in Armour
  6772 | D:7      | Found a transporter.
  6904 | D:7      | Found Laof's Distillery.
  6908 | D:7      | Bought a potion of heal wounds for 70 gold pieces
  6908 | D:7      | Bought a potion of haste for 140 gold pieces
  6908 | D:7      | Bought a potion of curing for 42 gold pieces
  7980 | D:9      | Reached skill level 13 in Unarmed Combat
  8116 | D:9      | Found a staircase to the Lair.
  8220 | D:9      | Reached XP level 11. HP: 87/100 MP: 10/10
  8803 | Lair:1   | Entered Level 1 of the Lair of Beasts
  8830 | Lair:1   | Identified a scroll of acquirement
  8972 | Lair:1   | Reached skill level 14 in Unarmed Combat
  9755 | D:10     | Entered Level 10 of the Dungeon
  9855 | D:10     | Found a flagged portal.
  9877 | Bailey   | Entered a bailey
  9980 | Bailey   | Reached skill level 15 in Unarmed Combat
 10144 | Bailey   | Identified the +2 robe of the Shrike {Regen+}
 10158 | Bailey   | Noticed an orc knight
 10158 | Bailey   | Noticed an orc knight
 10433 | D:10     | Killed an orc knight
 10529 | D:10     | Noticed a two-headed ogre
 10535 | D:10     | Killed a two-headed ogre
 10536 | D:10     | Reached XP level 12. HP: 109/109 MP: 11/11
 10558 | D:10     | Found a staircase to the Orcish Mines.
 10571 | D:10     | Noticed Maurice
 10582 | D:10     | Killed Maurice
 10644 | D:10     | Noticed a two-headed ogre
 10647 | D:10     | Killed a two-headed ogre
 11001 | D:10     | Noticed Josephine
 11013 | D:10     | Killed Josephine
 11017 | D:10     | Reached skill level 16 in Unarmed Combat
 11273 | D:10     | Acquired 311 gold pieces
 11305 | D:11     | Noticed a centaur warrior
 11311 | D:11     | Killed a centaur warrior
 11337 | D:11     | Reached skill level 5 in Fighting
 11370 | D:11     | Found a frozen archway.
 11388 | IceCv    | Entered an ice cave
 11919 | IceCv    | Reached skill level 17 in Unarmed Combat
 12205 | D:11     | Noticed a boulder beetle
 12215 | D:11     | Killed a boulder beetle
 12303 | D:11     | You fall into a shaft and drop 3 floors!
 12314 | D:14     | Noticed a two-headed ogre
 12321 | D:14     | Reached XP level 13. HP: 65/118 MP: 12/12
 12424 | D:13     | Found a gate to the Vaults.
 12810 | D:12     | Found Dall's General Store.
 12827 | D:12     | Bought a scroll of teleportation for 39 gold pieces
 12827 | D:12     | Bought a scroll of fear for 52 gold pieces
 12827 | D:12     | Bought a scroll of identify for 26 gold pieces
 13373 | Orc:1    | Entered Level 1 of the Orcish Mines
 13383 | Orc:1    | Reached skill level 18 in Unarmed Combat
 13574 | Orc:2    | Entered Level 2 of the Orcish Mines
 13592 | Orc:2    | Noticed an orc warlord
 13608 | Orc:2    | Mangled by an orc warlord

Illustrated notes

Levels and vault maps discovered:
D:1:      psy_arrival_fountain, layout_loops_ring, ebering_ecumenical_altar_box
D:2:      layout_loops_ring, chequers_big_river, minmay_misc_feat_square,
          chequers_garden, minmay_octomino_j4
D:3:      layout_loops_corners, corexii_hall_statues_u, uniq_natasha
D:4:      layout_cave_pools, grunt_temple_overflow_champion_of_chaos,
          mainiacjoe_overflow_small_starburst, uniq_pikel, uniq_edmund
D:5:      layout_loops_ring, tso_oasis_becter,
          nicolae_ossuary_entry_false_entrances
D:6:      layout_loops_corners, nicolae_overflow_hallway_of_the_gods,
          minmay_temple_entry_mini_moons, portal_sewer_entry_c, uniq_sigmund
D:7:      layout_basic, serial_shops, shop, gammafunk_ghost_smash,
          chequers_mini_garden, st_stairs_13, minmay_manual_mail, uniq_joseph
D:8:      lemuel_ice_spiral_2, layout_basic, special_room [special_room_orc]
D:9:      layout_small_grid, dpeg_oklobed_lair,
          nicolae_concentric_dashed_squares_mild, mrwooster_statue_mirror
D:10:     layout_loops_ring, orc_0_dummy, enter_bailey_3, grunt_ministairs_10,
          blue_anna_alchemist, uniq_maurice, uniq_josephine
D:11:     nzn_motion_control, layout_cave_pools, portal_ice_cave_demonic_guard
D:12:     layout_long_grid, serial_shops, shop, uniq_jorgrun
D:13:     kennysheep_four_of_diamonds, layout_irregular_city
D:14:     minmay_stone_box, layout_rooms, grunt_decor_arrowhead
Lair:1:   layout_regular_city
Orc:1:    emtedronai_trogs_sanctum, layout_diamond_mine
Orc:2:    grunt_orc_cross, layout_diamond_mine,
          lightli_volcano_entry_magma_tube, uniq_saint_roka

Skill      XL: |  1  2  3  4  5  6  7  8  9 10 11 12 13 |
---------------+----------------------------------------+-----
Throwing       | 2 4 5 |  5.9
Dodging        | 3 4 5 6 7 8 |  8.9
Unarmed Combat | 4 5 6 8 11 13 15 17 18 | 18.0
Fighting       | 2 3 4 5 |  5.7
Armour         | 2 3 4 |  4.1

Action                   |  1- 3 |  4- 6 |  7- 9 | 10-12 | 13-15 || total
-------------------------+-------+-------+-------+-------+-------++-------
Melee: Unarmed           |    84 |    92 |   422 |   709 |   109 ||  1416
       Punch             |       |     3 |    18 |    56 |     7 ||    84
Throw: Stone             |    14 |    19 |    21 |     8 |       ||    62
       Dart              |     6 |    29 |     3 |       |       ||    38
       Throwing net      |       |     1 |     1 |     2 |       ||     4
       Large rock        |       |     1 |       |       |       ||     1
       Boomerang         |       |       |       |    12 |       ||    12
  Use: Potion            |       |     5 |       |     9 |     2 ||    16
       Scroll            |       |       |    14 |     7 |     7 ||    28
 Stab: Sleeping          |       |       |     1 |     1 |       ||     2
       Held in net/web   |       |       |       |     1 |       ||     1
Armor: Robe              |    14 |    17 |   132 |   130 |       ||   293
       Troll leather arm |       |       |       |   149 |    24 ||   173
Dodge: Dodged            |    53 |    39 |   202 |   539 |    53 ||   886
